| TOP OF THE 1ST |
|
Oregon State University Beavers batting - Pitching for University of Nebraska Cornhuskers : RHP Harry Harper
|
|
Pitching: RHP Harry Harper
|
|
|
Batting: RHB Yasuyuki Moriyama
|
0-0: Called Strike 0-1: Foul Ball, location: 2F 0-2: Ball 1-2: Fly out, F7 (Flyball, 78M, EV 87.5 MPH)
|
|
Batting: LHB Jon Hamilton
|
0-0: Called Strike 0-1: Foul Ball, location: 2F 0-2: Strikes out swinging
|
|
Batting: RHB Luis Flores
|
0-0: Ball 1-0: Foul Ball, location: 2F 1-1: SINGLE (Groundball, 4MD, EV 108.8 MPH)
|
|
Batting: LHB Abdul-Hakim Jibril
|
0-0: Foul Ball, location: 2F 0-1: Foul Ball, location: 2F 0-2: Ball 1-2: Strikes out swinging
|
| Top of the 1st over - 0 runs, 1 hit, 0 errors, 1 left on base; Oregon State University 0 - University of Nebraska 0 |
| BOTTOM OF THE 1ST |
|
University of Nebraska Cornhuskers batting - Pitching for Oregon State University Beavers : RHP Edwin Zelaya
|
|
Pitching: RHP Edwin Zelaya
|
|
|
Batting: LHB Bob Appleby
|
0-0: Ball 1-0: Fly out, F9 (Line Drive, 9, EV 96.9 MPH)
|
|
Batting: RHB Mario Lopec
|
0-0: DOUBLE (Line Drive, 78D, EV 108.8 MPH)
|
|
Batting: RHB Zion Jones
|
0-0: Ball 1-0: Called Strike Mario Lopec steals 3rd base 1-1: Ball 2-1: Foul Ball, location: 2F 2-2: Foul Ball, location: 2F 2-2: Ball 3-2: Foul Ball, location: 2F 3-2: Ground out 6-3 (Groundball, 6, EV 101.9 MPH) Mario Lopec scores
|
|
Batting: LHB Jose Gonzalez
|
0-0: Ball 1-0: Ground out U3 (Groundball, 34, EV 104.4 MPH)
|
| Bottom of the 1st over - 1 run, 1 hit, 0 errors, 0 left on base; Oregon State University 0 - University of Nebraska 1 |
| TOP OF THE 2ND |
|
Oregon State University Beavers batting - Pitching for University of Nebraska Cornhuskers : RHP Harry Harper
|
|
Batting: RHB Willie Lopez
|
0-0: Ball 1-0: Foul Ball, location: 2F 1-1: Fly out, F9 (Flyball, 89M, EV 81.2 MPH)
|
|
Batting: RHB Oscar Munoz
|
0-0: Foul Ball, location: 2F 0-1: Foul Ball, location: 2F 0-2: Foul Ball, location: 2F 0-2: Ball 1-2: DOUBLE (Flyball, 8RXD, EV 110.0 MPH)
|
|
Batting: SHB Eric Robertson
|
0-0: Swinging Strike 0-1: Called Strike 0-2: Strikes out swinging
|
|
Batting: RHB Israel Soto
|
0-0: Ball 1-0: Ball 2-0: Called Strike 2-1: Fly out, F9 (Flyball, 89S, EV 91.2 MPH)
|
| Top of the 2nd over - 0 runs, 1 hit, 0 errors, 1 left on base; Oregon State University 0 - University of Nebraska 1 |
| BOTTOM OF THE 2ND |
|
University of Nebraska Cornhuskers batting - Pitching for Oregon State University Beavers : RHP Edwin Zelaya
|
|
Batting: LHB Mike Rawson
|
0-0: SINGLE (Groundball, 4MD, EV 109.4 MPH)
|
|
Batting: LHB Alfonso Escalante
|
0-0: Called Strike 0-1: Foul Ball, location: 2F 0-2: Strikes out swinging
|
|
Pitching: RHP Josh Palmquist
|
|
|
Batting: SHB Gary Luckwell
|
0-0: Called Strike 0-1: Grounds out, U3 (Groundball, 3L, EV 111.2 MPH)
|
|
Batting: RHB Tariq Garane
|
0-0: Ground out 6-3 (Groundball, 56, EV 86.2 MPH)
|
| Bottom of the 2nd over - 0 runs, 1 hit, 0 errors, 1 left on base; Oregon State University 0 - University of Nebraska 1 |
| TOP OF THE 3RD |
|
Oregon State University Beavers batting - Pitching for University of Nebraska Cornhuskers : RHP Harry Harper
|
|
Batting: SHB Sosaia Apelahama
|
0-0: Foul Ball, location: 2F 0-1: Ball 1-1: Swinging Strike 1-2: Strikes out swinging
|
|
Batting: RHB Yasuyuki Moriyama
|
0-0: Foul Ball, location: 2F 0-1: Ball 1-1: Ball 2-1: Ball 3-1: Called Strike 3-2: Base on Balls
|
|
Batting: LHB Jon Hamilton
|
0-0: Ball 1-0: Foul Ball, location: 2F 1-1: Ball 2-1: Foul Ball, location: 2F 2-2: Foul Ball, location: 2F 2-2: Fielders Choice at 2nd, 5-4 (Groundball, 15, EV 83.8 MPH)
|
|
Batting: RHB Luis Flores
|
0-0: Foul Ball, location: 2F 0-1: Called Strike 0-2: Strikes out swinging, 2-3 out at first.
|
| Top of the 3rd over - 0 runs, 0 hits, 0 errors, 1 left on base; Oregon State University 0 - University of Nebraska 1 |
| BOTTOM OF THE 3RD |
|
University of Nebraska Cornhuskers batting - Pitching for Oregon State University Beavers : RHP Josh Palmquist
|
|
Batting: SHB Phil Roper
|
0-0: Ground out 5-3 (Groundball, 5L, EV 104.4 MPH)
|
|
Batting: LHB Bob Appleby
|
0-0: Ball 1-0: Ball 2-0: DOUBLE (Groundball, 3L, EV 95.0 MPH)
|
|
Batting: RHB Mario Lopec
|
0-0: Ball 1-0: Fly out, F9 (Flyball, 89S, EV 78.1 MPH)
|
|
Batting: RHB Zion Jones
|
0-0: Foul Ball, location: 2F 0-1: SINGLE (Groundball, 6M, EV 96.2 MPH) (infield hit) Bob Appleby to third
|
|
Batting: LHB Jose Gonzalez
|
0-0: SINGLE (Line Drive, 89S, EV 94.4 MPH) Bob Appleby scores Zion Jones to second Runner from 2nd tries for 3rd, SAFE, no throw by RF
|
|
Batting: LHB Mike Rawson
|
0-0: 3-RUN HOME RUN (Line Drive, 9D, EV 99.4 MPH), Distance : 364 ft
|
|
Pitching: RHP Nick Henry
|
|
|
Batting: LHB Alfonso Escalante
|
0-0: Ball 1-0: Ball 2-0: Called Strike 2-1: Ground out 4-3 (Groundball, 4, EV 88.1 MPH)
|
| Bottom of the 3rd over - 4 runs, 4 hits, 0 errors, 0 left on base; Oregon State University 0 - University of Nebraska 5 |
| TOP OF THE 4TH |
|
Oregon State University Beavers batting - Pitching for University of Nebraska Cornhuskers : RHP Harry Harper
|
|
Batting: LHB Abdul-Hakim Jibril
|
0-0: Ball 1-0: DOUBLE (Line Drive, 7LM, EV 111.9 MPH)
|
|
Pinch Runner at 2nd Sun-wei Kuai:
|
|
|
Batting: RHB Willie Lopez
|
0-0: Foul Ball, location: 2F 0-1: Ball 1-1: Foul Ball, location: 2F 1-2: Foul Ball, location: 2F 1-2: Strikes out looking
|
|
Batting: RHB Oscar Munoz
|
0-0: Ball 1-0: Ground out 5-3 (Groundball, 56, EV 100.6 MPH)
|
|
Batting: SHB Eric Robertson
|
0-0: Foul Ball, location: 2F 0-1: Swinging Strike 0-2: Foul Ball, location: 2F 0-2: Fly out, F9 (Flyball, 9D, EV 104.4 MPH)
|
| Top of the 4th over - 0 runs, 1 hit, 0 errors, 1 left on base; Oregon State University 0 - University of Nebraska 5 |
| BOTTOM OF THE 4TH |
|
University of Nebraska Cornhuskers batting - Pitching for Oregon State University Beavers : RHP Nick Henry
|
|
Now in CF: Sun-wei Kuai
|
|
|
Batting: SHB Gary Luckwell
|
0-0: Called Strike 0-1: Called Strike 0-2: Ball 1-2: Ground out U3 (Groundball, 34, EV 89.4 MPH)
|
|
Batting: RHB Tariq Garane
|
0-0: Ball 1-0: DOUBLE (Flyball, 78D, EV 98.1 MPH)
|
|
Batting: SHB Phil Roper
|
0-0: Called Strike 0-1: Ball 1-1: Foul Ball, location: 2F 1-2: Ball 2-2: DOUBLE (Line Drive, 78D, EV 96.9 MPH) Tariq Garane scores
|
|
Batting: LHB Bob Appleby
|
0-0: Called Strike 0-1: Ball 1-1: Called Strike 1-2: Foul Ball, location: 2F 1-2: Ball 2-2: Ball 3-2: Base on Balls
|
|
Batting: RHB Mario Lopec
|
0-0: Called Strike 0-1: Fly out, F8 (Flyball, 8LD, EV 101.2 MPH)
|
|
Batting: RHB Zion Jones
|
0-0: Called Strike 0-1: Ball 1-1: Swinging Strike 1-2: Foul Ball, location: 2F 1-2: Strikes out looking
|
| Bottom of the 4th over - 1 run, 2 hits, 0 errors, 2 left on base; Oregon State University 0 - University of Nebraska 6 |
| TOP OF THE 5TH |
|
Oregon State University Beavers batting - Pitching for University of Nebraska Cornhuskers : RHP Harry Harper
|
|
Batting: RHB Israel Soto
|
0-0: Ball 1-0: SINGLE (Groundball, 34D, EV 97.5 MPH)
|
|
Batting: SHB Sosaia Apelahama
|
0-0: Foul Ball, location: 2F 0-1: Foul Ball, location: 2F 0-2: Ball 1-2: Ball 2-2: Strikes out looking
|
|
Batting: RHB Yasuyuki Moriyama
|
0-0: Ball 1-0: Called Strike 1-1: Ball 2-1: Foul Ball, location: 2F 2-2: Ball 3-2: Strikes out swinging
|
|
Batting: LHB Jon Hamilton
|
0-0: Called Strike 0-1: Swinging Strike 0-2: Ball 1-2: Strikes out swinging
|
| Top of the 5th over - 0 runs, 1 hit, 0 errors, 1 left on base; Oregon State University 0 - University of Nebraska 6 |
| BOTTOM OF THE 5TH |
|
University of Nebraska Cornhuskers batting - Pitching for Oregon State University Beavers : RHP Nick Henry
|
|
Batting: LHB Jose Gonzalez
|
0-0: Ball 1-0: Ball 2-0: Ball 3-0: Called Strike 3-1: Base on Balls
|
|
Batting: LHB Mike Rawson
|
0-0: DOUBLE (Line Drive, 3D, EV 96.9 MPH) Jose Gonzalez to third
|
|
Batting: LHB Alfonso Escalante
|
0-0: Ball 1-0: Ball 2-0: Called Strike 2-1: Foul Ball, location: 2F 2-2: Foul Ball, location: 2F 2-2: Foul Ball, location: 2F 2-2: Strikes out swinging
|
|
Pitching: RHP Dave Lupkoski
|
|
|
Batting: SHB Gary Luckwell
|
0-0: Ball 1-0: Called Strike 1-1: Foul Ball, location: 2F 1-2: Ground out 4-3 (Groundball, 4, EV 86.2 MPH) Jose Gonzalez scores Mike Rawson to third
|
|
Batting: RHB Tariq Garane
|
0-0: Swinging Strike 0-1: Foul Ball, location: 2F 0-2: Foul Ball, location: 2F 0-2: Strikes out swinging
|
| Bottom of the 5th over - 1 run, 1 hit, 0 errors, 1 left on base; Oregon State University 0 - University of Nebraska 7 |
| TOP OF THE 6TH |
|
Oregon State University Beavers batting - Pitching for University of Nebraska Cornhuskers : RHP Harry Harper
|
|
Batting: RHB Luis Flores
|
0-0: Called Strike 0-1: Ball 1-1: Swinging Strike 1-2: Foul Ball, location: 2F 1-2: Ball 2-2: SOLO HOME RUN (Flyball, 78XD, EV 103.8 MPH), Distance : 406 ft
|
|
Batting: LHB Sun-wei Kuai
|
0-0: Foul Ball, location: 2F 0-1: Ball 1-1: Foul Ball, location: 2F 1-2: Fly out, F9 (Flyball, 9LS, EV 86.2 MPH)
|
|
Batting: RHB Willie Lopez
|
0-0: Called Strike 0-1: SINGLE (Groundball, 34D, EV 101.2 MPH)
|
|
Batting: RHB Oscar Munoz
|
0-0: Ball 1-0: Foul Ball, location: 2F 1-1: Called Strike 1-2: SINGLE (Groundball, 56D, EV 105.6 MPH) Willie Lopez to second
|
|
Batting: SHB Eric Robertson
|
0-0: Called Strike 0-1: Foul Ball, location: 2F 0-2: Ball Wild Pitch! Willie Lopez to third Oscar Munoz to second 1-2: Foul Ball, location: 2F 1-2: Ball 2-2: Ball 3-2: Strikes out looking
|
|
Batting: RHB Israel Soto
|
0-0: Swinging Strike 0-1: Ball 1-1: Foul Ball, location: 2F 1-2: Ball 2-2: Foul Ball, location: 2F 2-2: Strikes out swinging
|
| Top of the 6th over - 1 run, 3 hits, 0 errors, 2 left on base; Oregon State University 1 - University of Nebraska 7 |
| BOTTOM OF THE 6TH |
|
University of Nebraska Cornhuskers batting - Pitching for Oregon State University Beavers : RHP Dave Lupkoski
|
|
Batting: SHB Phil Roper
|
0-0: Ball 1-0: Foul Ball, location: 2F 1-1: Ball 2-1: Foul Ball, location: 2F 2-2: Ball 3-2: Foul Ball, location: 2F 3-2: Foul Ball, location: 2F 3-2: Ground out 4-3 (Groundball, 4, EV 82.5 MPH)
|
|
Batting: LHB Bob Appleby
|
0-0: Ball 1-0: Foul Ball, location: 2F 1-1: Foul Ball, location: 2F 1-2: Foul Ball, location: 2F 1-2: Ball 2-2: Ball 3-2: DOUBLE (Flyball, 8LXD, EV 95.0 MPH)
|
|
Batting: RHB Mario Lopec
|
0-0: Called Strike 0-1: Swinging Strike 0-2: Ball 1-2: Strikes out swinging
|
|
Batting: RHB Zion Jones
|
0-0: Foul Ball, location: 2F 0-1: DOUBLE (Flyball, 89D, EV 110.6 MPH) Bob Appleby scores
|
|
Batting: LHB Jose Gonzalez
|
0-0: Ball 1-0: Fly out, F6 (Popup, 6M, EV 66.2 MPH)
|
| Bottom of the 6th over - 1 run, 2 hits, 0 errors, 1 left on base; Oregon State University 1 - University of Nebraska 8 |
| TOP OF THE 7TH |
|
Oregon State University Beavers batting - Pitching for University of Nebraska Cornhuskers : RHP Harry Harper
|
|
Pitching: RHP Jason Kelly
|
|
|
Batting: SHB Sosaia Apelahama
|
0-0: Ball 1-0: Ball 2-0: Ball 3-0: Base on Balls
|
|
Batting: RHB Yasuyuki Moriyama
|
0-0: Ball Sosaia Apelahama steals 2nd base (no throw) 1-0: Swinging Strike 1-1: Fly out, F7 (Flyball, 78S, EV 88.8 MPH)
|
|
Batting: LHB Jon Hamilton
|
0-0: Ball 1-0: Ball 2-0: Ground out U3 (Groundball, 34S, EV 90.0 MPH) Sosaia Apelahama to third
|
|
Batting: RHB Luis Flores
|
0-0: Called Strike 0-1: Foul Ball, location: 2F 0-2: Fly out, F9 (Flyball, 89D, EV 85.0 MPH)
|
| Top of the 7th over - 0 runs, 0 hits, 0 errors, 1 left on base; Oregon State University 1 - University of Nebraska 8 |
| BOTTOM OF THE 7TH |
|
University of Nebraska Cornhuskers batting - Pitching for Oregon State University Beavers : RHP Dave Lupkoski
|
|
Pitching: LHP Yin-reng Deng
|
|
|
Batting: RHB Chris Anthony
|
0-0: Ball 1-0: Ball 2-0: Fly out, F7 (Flyball, 78S, EV 78.8 MPH)
|
|
Batting: LHB Alfonso Escalante
|
0-0: Called Strike 0-1: Fly out, F6 (Popup, 56, EV 53.1 MPH)
|
|
Batting: SHB Gary Luckwell
|
0-0: Ball 1-0: Ball 2-0: Called Strike 2-1: Foul Ball, location: 2F 2-2: Ball 3-2: Fly out, F8 (Flyball, 8RXD, EV 94.4 MPH)
|
| Bottom of the 7th over - 0 runs, 0 hits, 0 errors, 0 left on base; Oregon State University 1 - University of Nebraska 8 |
| TOP OF THE 8TH |
|
Oregon State University Beavers batting - Pitching for University of Nebraska Cornhuskers : RHP Jason Kelly
|
|
Batting: LHB Sun-wei Kuai
|
0-0: Ball 1-0: Called Strike 1-1: Swinging Strike 1-2: Ball 2-2: Ball 3-2: TRIPLE (Line Drive, 9D, EV 106.9 MPH)
|
|
Batting: RHB Willie Lopez
|
0-0: Fly out, F9 (Flyball, 9D, EV 101.2 MPH) Runner from 3rd tags up, SCORES, no throw by RF
|
|
Batting: RHB Oscar Munoz
|
0-0: Called Strike 0-1: Foul Ball, location: 2F 0-2: Strikes out swinging
|
|
Batting: SHB Eric Robertson
|
0-0: Ball 1-0: Ground out 3-1 (Groundball, 34, EV 81.9 MPH)
|
| Top of the 8th over - 1 run, 1 hit, 0 errors, 0 left on base; Oregon State University 2 - University of Nebraska 8 |
| BOTTOM OF THE 8TH |
|
University of Nebraska Cornhuskers batting - Pitching for Oregon State University Beavers : LHP Yin-reng Deng
|
|
Batting: RHB Tariq Garane
|
0-0: Ball 1-0: Ball 2-0: Ground out 6-3 (Groundball, 6, EV 100.0 MPH)
|
|
Batting: SHB Phil Roper
|
0-0: Called Strike 0-1: Swinging Strike 0-2: Ball 1-2: Ball 2-2: Strikes out swinging
|
|
Batting: LHB Bob Appleby
|
0-0: Ball 1-0: SINGLE (Groundball, 4MD, EV 100.0 MPH)
|
|
Batting: RHB Mario Lopec
|
0-0: Ball Bob Appleby steals 2nd base 1-0: Fly out, F7 (Line Drive, 78M, EV 105.6 MPH)
|
| Bottom of the 8th over - 0 runs, 1 hit, 0 errors, 1 left on base; Oregon State University 2 - University of Nebraska 8 |
| TOP OF THE 9TH |
|
Oregon State University Beavers batting - Pitching for University of Nebraska Cornhuskers : RHP Jason Kelly
|
|
Batting: LHB Jason Trevarrow
|
0-0: Ball 1-0: Ball 2-0: Ball 3-0: Called Strike 3-1: Swinging Strike 3-2: Strikes out looking
|
|
Pitching: RHP Charlie Lutz
|
|
|
Batting: SHB Sosaia Apelahama
|
0-0: Swinging Strike 0-1: Ball 1-1: Swinging Strike 1-2: Strikes out swinging
|
|
Batting: RHB Yasuyuki Moriyama
|
0-0: Called Strike 0-1: Ball 1-1: Called Strike 1-2: Foul Ball, location: 2F 1-2: Ball 2-2: Foul Ball, location: 2F 2-2: Ball 3-2: Fly out, F9 (Line Drive, 9S, EV 104.4 MPH)
|
| Top of the 9th over - 0 runs, 0 hits, 0 errors, 0 left on base; Oregon State University 2 - University of Nebraska 8 |
|